 Dungeon Crawl Stone Soup version 0.27-a0-1256-gced786f65e (webtiles) character file.

Game seed: 13602164374129711189

17 zezblit the Vexing (level 2, -1/16 HPs)
             Began as a Kobold Arcane Marksman on June 10, 2021.
             Slain by a goblin
             ... wielding a +0 club
             ... led by Robin
              (2 damage)
             ... on level 1 of the Dungeon.
             The game lasted 00:05:26 (677 turns).

zezblit the Vexing (Kobold Arcane Marksman)          Turns: 677, Time: 00:05:26

Health: -1/16      AC:  2    Str:  7    XL:     2   Next: 80%
Magic:  3/3        EV: 15    Int: 14    God:
Gold:   35         SH:  0    Dex: 15    Spells: 2/3 levels left

rFire    . . .     SeeInvis .   a - +0 hand crossbow
rCold    . . .     Faith    .   (shield restricted)
rNeg     . . .     Spirit   .   e - +0 robe
rPois    .         Reflect  .   (no helmet)
rElec    .         Harm     .   (no cloak)
rCorr    .         Rampage  .   (no gloves)
Will     .....                  (no boots)
Stlth    ++........             (no amulet)
HPRegen  0.05/turn              (no ring)
MPRegen  0.08/turn              (no ring)

@: no status effects
A: small, no large weapons, nightstalker 3
a: no special abilities


You were on level 1 of the Dungeon.
You visited 1 branch of the dungeon, and saw 2 of its levels.

You collected 35 gold pieces.

Inventory:

Hand Weapons
 a - a +0 hand crossbow (weapon)
Missiles
 b - 43 stones
 c - 7 poisoned darts
 d - 16 bolts (quivered ammo)
Armour
 e - a +0 robe (worn)
Scrolls
 g - a scroll of magic mapping {unknown}
Potions
 f - a potion of lignification {unknown}


   Skills:
 + Level 1.1 Fighting
 + Level 3.2 Crossbows
 + Level 2.6 Dodging
 + Level 0.2 Stealth
 + Level 1.1 Spellcasting
 + Level 3.2 Hexes


You had 2 spell levels left.
You knew the following spells:

 Your Spells              Type           Power      Damage    Failure   Level
a - Corona                Hex            10%        N/A       7%          1

Your spell library contained the following spells:

 Spells                   Type           Power      Damage    Failure   Level
 Slow                     Hex            9%         N/A       11%         2
 Magic Dart               Conj           0%         1d3       26%         1
 Searing Ray              Conj           0%         3d3       36%         2
 Dazzling Flash           Conj/Hex       10%        N/A       38%         3
 Inner Flame              Hex/Fire       5%         N/A       38%         3
 Portal Projectile        Hex/Tloc       10%        N/A       38%         3
 Cause Fear               Hex            4%         N/A       56%         4
 Fulminant Prism          Conj/Hex       2%         3d6       80%         4
 Leda's Liquefaction      Hex/Erth       2%         N/A       80%         4
 Iskenderun's Mystic Bla  Conj/Tloc      0%         2d3       95%         4


Dungeon Overview and Level Annotations

Branches:
Dungeon (2/15)

Altars:

Annotations:
D:1 Robin


Innate Abilities, Weirdness & Mutations

You are small and have problems with some larger weapons.
You are completely attuned to the shadows.


Message History

d - 16 bolts (gained 1)
d - 17 bolts (gained 1)
You see here a ball python corpse.
There is an escape hatch in the floor here.
Found a stone staircase leading down.
There is a stone staircase leading down here.
You climb downwards. 7 goblins, 3 hobgoblins and Robin come into view.
A goblin is wielding a +0 dagger of venom.
The goblin shouts!
The hobgoblin shouts!
The goblin shouts!
Robin shouts!
The goblin shouts! x2; You hear a shout!
The hobgoblin shouts!
The goblin shouts!
The hobgoblin barely misses you.
A hobgoblin comes into view.
The hobgoblin completely misses you.
Robin roars a battlecry!
The goblins go into a battle-frenzy!
The goblin misses you.
A goblin comes into view. It is wielding a +0 club.
The hobgoblin hits you. x2
The hobgoblin shouts!
The goblin shouts!
Found a short sword and a club.
There is a stone staircase leading up here.
The goblin shouts!
The hobgoblin hits you.
* * * LOW HITPOINT WARNING * * *
The hobgoblin hits you.
* * * LOW HITPOINT WARNING * * *
The goblin hits you with a +0 club.
* * * LOW HITPOINT WARNING * * *
The goblin closely misses you.
You climb upwards.
There is a stone staircase leading down here.
Fire: 17 bolts
Press: ? - help, Q - select action, (/) - cycle Shift-Dir - straight line, f - Robin
Aim: Robin, wielding a +0 short sword, wearing a +0 animal skin and wearing a +2 helmet (70% to hit)
You shoot a bolt. The bolt hits Robin!
Robin is severely wounded.
The hobgoblin closely misses you. The goblin hits you with a +0 club.
You die...

#......# #..#.#.# #..#.#.# #.
#.#.# #.#.#.# ############
#...#.# #..........# #...#.#
#..........# #.gg#.# #+#
#..........# #.g@#.######.####
#..........###.#g#............
#........>.....#g########.####
#..........#####.# #......#
#.....†........#.# #......#
#...........####.# #.≈≈≈..#
#...........####.###.≈_≈..#
#....................≈≈≈.##
########.....###.##...[..#


You could see Robin, 2 hobgoblins and 2 goblins.

Vanquished Creatures
  An endoplasm (D:1)
  A giant cockroach (D:2)
  2 goblins (D:1)
  3 hobgoblins (D:1)
  2 kobolds (D:1)
  A quokka (D:1)
  2 ball pythons (D:1)
  2 frilled lizards (D:1)
  A rat (D:1)
15 creatures vanquished.

Notes
Turn   | Place    | Note
-------+----------+-------------------------------------------
     0 | D:1      | zezblit the Kobold Arcane Marksman began the quest for the
                  | Orb.
     0 | D:1      | Reached XP level 1. HP: 12/12 MP: 2/2
    83 | D:1      | Reached XP level 2. HP: 16/16 MP: 3/3
   476 | D:1      | Found a faded altar of an unknown god.
   674 | D:2      | Noticed Robin
   677 | D:1      | Slain by a goblin

Illustrated notes

Levels and vault maps discovered:
D:1:      dpeg_arrival_simpleton_b, layout_basic,
          hellmonk_ecumenical_altar_pennies_from_heaven
D:2:      minmay_chambers_of_twos, layout_loops_cross,
          chequers_serial_rivers_micro_b, uniq_robin

Skill      XL: |  1  2 |
---------------+-------+-----
Crossbows      | 3 |  3.2
Fighting       | |  1.1
Dodging        | |  2.6
Stealth        | |  0.2
Spellcasting   | |  1.1
Hexes          | |  3.2

Action                   || total
-------------------------++-------
 Fire: Hand crossbow     ||    34
Armor: Robe              ||     3
Dodge: Dodged            ||    15

Table legend: (Time is in decaauts)
 A = Elapsed time spent in this place.
 B = Non-inter-level travel time spent in this place.
 C = Inter-level travel time spent in this place.
 D = Time resting spent in this place.
 E = Time spent auto-exploring this place.
 F = Levels seen in this place.
 G = Mean time per level.
                   A        B        C        D        E       F      G
               +--------+--------+--------+--------+--------+-----+--------+
         Total |    692 |    692 |      0 |    237 |    266 |   2 |  346.0 |
       Dungeon |    692 |    692 |      0 |    237 |    266 |   2 |  346.0 |
               +--------+--------+--------+--------+--------+-----+--------+

Top non-repeatable levels by time:
     D:1: 650 daAuts
     D:2: 41 daAuts
